 Dungeon Crawl Stone Soup version 0.17.1-3-g152610e (webtiles) character file.

45373 nikopol the Impaler (level 14, -4/129 HPs)
             Began as a Minotaur Berserker on Apr 13, 2016.
             Was the Champion of Trog.
             Slain by a death yak (12 damage)
             ... on level 7 of the Lair of Beasts on Apr 14, 2016.
             The game lasted 01:02:03 (14494 turns).

nikopol the Impaler (Minotaur Berserker)           Turns: 14494, Time: 01:02:03

Health: -4/129     AC: 24    Str: 29    XL:     14   Next: 0%
Magic:  4/4        EV: 16    Int:  3    God:    Trog [******]
Gold:   1014       SH:  0    Dex: 15    Spells: 0 memorised, 13 levels left

rFire  . . .     SeeInvis .     t - +4 glaive (antimagic)
rCold  . . .     Clarity  .     U - +6 chain mail of Fun {rN+ MR+ Regen+ Str-3}
rNeg   + . .     SustAt   .     (shield currently unavailable)
rPois  +         Gourm    +     (helmet restricted)
rElec  .         Spirit   .     M - +2 cloak of Zyacwaant {+Fly Str+4 Int-2 Slay+3}
rCorr  .         Warding  .     (no gloves)
rMut   .         Stasis   .     N - +1 pair of boots
MR     ++...                    i - amulet of the gourmand
Stlth  ..........               Q - ring of poison resistance
                                q - +2 ring of strength

@: mighty, exhausted, very resistant to hostile enchantments, extremely
unstealthy
A: retaliatory headbutt, horns 2
a: Berserk, Trog's Hand, Brothers in Arms, Burn Spellbooks, Renounce Religion,
Evoke Flight


You were on level 7 of the Lair of Beasts.
You worshipped Trog.
Trog was exalted by your worship.
You were very full.

You visited 2 branches of the dungeon, and saw 17 of its levels.
You also visited: Sewer and Volcano.

You collected 1014 gold pieces.

Inventory:

Hand Weapons
 t - a +4 antimagic glaive (weapon)
 C - a +2 trident of electrocution
Missiles
 r - 5 tomahawks (quivered)
Armour
 a - a +1 chain mail of fire resistance
 f - a +2 ring mail of fire resistance
 M - the +2 cloak of Zyacwaant (worn) {+Fly Str+4 Int-2 Slay+3}
   (You found it on level 9 of the Dungeon)

   It affects your strength (+4).
   It affects your intelligence (-2).
   It affects your accuracy and damage with ranged weapons and melee attacks
   (+3).
   It lets you fly.
 N - a +1 pair of boots (worn)
 U - the +6 chain mail of Fun (worn) {rN+ MR+ Regen+ Str-3}
   (You found it on level 9 of the Dungeon)

   It affects your strength (-3).
   It protects you from negative energy.
   It affects your resistance to hostile enchantments.
   It increases your rate of regeneration.
Jewellery
 e - a +2 ring of evasion {unknown}
 i - an amulet of the gourmand (around neck)
 q - a +2 ring of strength (left hand)
 z - an uncursed ring of protection from fire
 D - an uncursed ring of invisibility
 P - an uncursed amulet of guardian spirit
 Q - a ring of poison resistance (right hand)
Wands
 I - a wand of fireball (7)
 J - a wand of fire (5)
 K - a wand of fire (3)
 R - a wand of lightning (9)
 S - a wand of random effects (31)
 T - a wand of polymorph (6)
 V - a wand of disintegration (8)
Scrolls
 h - 8 scrolls of remove curse
 l - 3 scrolls of fear
 n - 2 scrolls of recharging
 o - a scroll of blinking
 w - 2 scrolls of identify
 y - 3 scrolls of teleportation
 A - 3 scrolls of enchant armour
 G - 2 scrolls of enchant weapon
Potions
 b - 3 potions of resistance
 d - 7 potions of curing
 g - 2 potions of might
 j - 3 potions of brilliance
 m - a potion of cure mutation
 s - a potion of heal wounds
 u - 2 potions of cancellation
 E - a potion of flight
 F - a potion of beneficial mutation
 H - a potion of magic
Comestibles
 c - 12 bread rations
 k - 7 chunks of flesh
 p - 4 meat rations
 v - 5 beef jerkies
 x - 4 slices of pizza
 B - 16 fruits
 O - 6 royal jellies


   Skills:
 + Level 13.4 Fighting
 * Level 15.9 Polearms
 + Level 8.2 Throwing
 + Level 12.7 Armour
 + Level 12.0 Dodging


You had 13 spell levels left.
You didn't know any spells.

Dungeon Overview and Level Annotations

Branches:
Dungeon (10/15)            Temple (0/1) D:4            Lair (7/8) D:10
  Swamp (0/4) Lair:4       Spider (0/4) Lair:4        Slime (0/6) Lair:6
    Orc: D:9-12

Altars:
Ashenzari
Fedhas
Kikubaaqudgha
Ru
Trog
Xom
Yredelemnul

Shops:
D:4 !   D:6 %   D:7 !


Innate Abilities, Weirdness & Mutations

You reflexively headbutt those who attack you in melee.
You have a pair of horns on your head.


Message History

You are too injured to fight recklessly!
You are too injured to fight recklessly!
You slice the death yak!!
The death yak is moderately wounded.
The death yak gores you but does no damage.
The death yak gores you!
* * * LOW HITPOINT WARNING * * *
Your ogre barely misses the death yak.
The death yak gores you but does no damage.
The death yak barely misses you. You furiously retaliate!
You headbutt the death yak.
Drink which item? (? for menu, Esc to quit)
You feel much better.
Your ogre hits the death yak with a giant club!
The death yak gores you!
* * * LOW HITPOINT WARNING * * *
The death yak misses you. The death yak gores you!!
* * * LOW HITPOINT WARNING * * *
The death yak gores you!
You die...

##...........#.###....***
**≈≈♣ #.........##.#..#....*
**♣♣ #........#......#..##* #.
#.........P.........### ###
#.#.............[...P.######PP
##...#............$....##.##.P
#.#.##......O...#..........#PP
######[.....Y†.............P.P
##.....Y@...$......)....P
##.P..YY................
#.#P:>..................
###P..####.....?........ #####
#.#......#.....
###.#.###.#...# ##### ##.#.##
#####


You could see 4 death yaks and a friendly ogre (berserk).

Vanquished Creatures
  The ghost of bollicks1999 the Imperceptible, a journeyman OpAs of Dithmenos (Lair:7)
  5 hydras
  The ghost of execc the Grappler, a novice TrWn of Makhleb (Lair:1)
  The ghost of grom234 the Fighter, a novice HOFi of Beogh (D:8)
  6 death yaks
  Nergalle (Lair:3)
  An unseen horror (D:9)
  A lindwurm (Volcano)
  An oklob plant (Lair:6)
  The ghost of manyhoops the Thaumaturge, a novice DEIE of Sif Muna (D:9)
  An orb spider (Lair:4)
  22 elephants
  4 black mambas
  A molten gargoyle (Volcano)
  3 gargoyles (Volcano)
  9 spiny frogs
  6 komodo dragons
  4 fire drakes
  3 polar bears
  Prince Ribbit (D:9)
  13 blink frogs
  2 basilisks
  A wyvern (Lair:3)
  21 yaks
  4 fire elementals (Volcano)
  A hungry ghost (D:9)
  8 hippogriffs
  Menkaure (D:7)
  27 wolves
  7 porcupines
  9 water moccasins
  2 sky beasts (D:5)
  A wasp (D:8)
  The ghost of sveltemanboy the Skirmisher, an amateur DsMo (D:4)
  A phantom (D:4)
  An ice beast (D:7)
  8 crocodiles
  2 centaurs
  A big kobold (D:9)
  21 giant frogs
  A gnoll sergeant (D:6)
  6 scorpions
  A troll skeleton (D:9)
  3 wights (D:4)
  3 spriggan skeletons (D:9)
  An electric eel (Lair:4)
  2 crimson imps
  2 hounds (D:6)
  2 giant frog zombies
  2 jellies
  2 giant frog skeletons
  9 iguanas
  Crazy Yiuf (D:7)
  3 centaur skeletons
  A centaur zombie (D:7)
  7 orc priests
  Jessica (D:2)
  7 orc wizards
  7 worker ants
  14 sheep
  6 gnolls (D:6)
  12 adders
  29 river rats
  2 shadow imps (D:5)
  12 oozes
  2 adder skeletons
  4 worms
  32 orcs
  10 ball pythons
  18 giant cockroaches
  11 hobgoblins
  2 jackals (D:4)
  7 kobolds
  A quokka (D:3)
  8 bats
  19 giant geckos
  10 giant newts
  8 goblins
  A jackal skeleton (D:7)
  8 rats
482 creatures vanquished.

Vanquished Creatures (others)
  An elephant (Lair:6)
  A crocodile (Lair:6)
  3 fungi
  2 plants
7 creatures vanquished.

Grand Total: 489 creatures vanquished

Notes
Turn   | Place    | Note
--------------------------------------------------------------
     0 | D:1      | nikopol the Minotaur Berserker began the quest for the Orb.
     0 | D:1      | Reached XP level 1. HP: 19/19 MP: 0/0
   382 | D:1      | Reached XP level 2. HP: 27/27 MP: 1/1
   608 | D:1      | Reached ** piety under Trog
   612 | D:1      | Reached XP level 3. HP: 25/33 MP: 2/2
   879 | D:2      | Reached skill level 4 in Fighting
  1167 | D:2      | Noticed Jessica
  1172 | D:2      | Killed Jessica
  1172 | D:2      | Reached XP level 4. HP: 33/40 MP: 3/3
  1373 | D:2      | Found a shimmering altar of Xom.
  1717 | D:3      | Reached XP level 5. HP: 18/47 MP: 4/4
  2027 | D:3      | Reached *** piety under Trog
  2528 | D:3      | Found a bloodstained altar of Trog.
  2536 | D:3      | Found a shattered altar of Ashenzari.
  2539 | D:3      | Found a sacrificial altar of Ru.
  2542 | D:3      | Found a blossoming altar of Fedhas.
  2631 | D:4      | Reached XP level 6. HP: 55/55 MP: 5/5
  2652 | D:4      | Reached skill level 5 in Polearms
  2684 | D:4      | Noticed sveltemanboy's ghost (amateur DsMo)
  2688 | D:4      | Killed sveltemanboy's ghost
  2688 | D:4      | Reached skill level 5 in Fighting
  2694 | D:4      | Found a staircase to the Ecumenical Temple.
  2748 | D:4      | Noticed a phantom
  2812 | D:4      | Killed a phantom
  2911 | D:4      | Reached skill level 5 in Armour
  2944 | D:4      | Found a basalt altar of Yredelemnul.
  3005 | D:4      | Found Maosiqeo's Distillery.
  3076 | D:4      | Reached skill level 5 in Dodging
  3076 | D:4      | Reached XP level 7. HP: 59/61 MP: 6/6
  3339 | D:5      | Entered Level 5 of the Dungeon
  3392 | D:5      | Reached skill level 6 in Fighting
  3411 | D:5      | Found a glowing drain.
  3457 | Sewer    | Entered a sewer
  3596 | Sewer    | Reached **** piety under Trog
  3822 | Sewer    | Reached XP level 8. HP: 32/71 MP: 7/7
  4316 | D:5      | Reached ***** piety under Trog
  4475 | D:5      | Reached skill level 7 in Fighting
  5026 | D:6      | Found Efach's Food Emporium.
  5202 | D:6      | Received a gift from Trog
  5222 | D:6      | Reached XP level 9. HP: 81/81 MP: 8/8
  5295 | D:6      | Reached skill level 8 in Polearms
  5795 | D:7      | Noticed Crazy Yiuf
  5802 | D:7      | Killed Crazy Yiuf
  5862 | D:7      | Found an ancient bone altar of Kikubaaqudgha.
  5894 | D:7      | Found Qiestoul's Distillery.
  6087 | D:7      | Noticed Menkaure
  6093 | D:7      | Killed Menkaure
  6240 | D:8      | Noticed grom234's ghost (novice HOFi)
  6256 | D:8      | Killed grom234's ghost
  6593 | D:8      | Reached skill level 9 in Polearms
  7224 | D:9      | Reached XP level 10. HP: 88/91 MP: 7/9
  7229 | D:9      | Reached skill level 1 in Throwing
  7261 | D:9      | Noticed manyhoops's ghost (novice DEIE)
  7262 | D:9      | Noticed Prince Ribbit
  7285 | D:9      | Killed manyhoops's ghost
  7290 | D:9      | Killed Prince Ribbit
  7290 | D:9      | Reached skill level 10 in Polearms
  7504 | D:9      | HP: 5/136 [something (5)]
  7505 | D:9      | HP: 1/136 [something (4)]
  7508 | D:9      | Killed an unseen horror
  7904 | D:9      | Got a crude cloak
  7915 | D:9      | Identified the +2 cloak of Zyacwaant {+Fly Str+4 Int-2 Slay+3} (You found it on level 9 of the Dungeon)
  7930 | D:9      | Got a transparent chain mail
  7953 | D:9      | Identified the +6 chain mail of Fun {rN+ MR+ Regen+ Str-3} (You found it on level 9 of the Dungeon)
  8112 | D:10     | Entered Level 10 of the Dungeon
  8139 | D:10     | Found a staircase to the Lair.
  8215 | Lair:1   | Entered Level 1 of the Lair of Beasts
  8223 | Lair:1   | Noticed a six-headed hydra
  8237 | Lair:1   | Killed a six-headed hydra
  8237 | Lair:1   | Reached skill level 10 in Fighting
  8237 | Lair:1   | Reached skill level 11 in Polearms
  8264 | Lair:1   | Noticed a black mamba
  8271 | Lair:1   | Killed a black mamba
  8271 | Lair:1   | Reached skill level 10 in Armour
  8279 | Lair:1   | Found a dark tunnel.
  8301 | Volcano  | Entered a volcano
  8314 | Volcano  | Reached XP level 11. HP: 73/100 MP: 7/10
  8356 | Volcano  | Noticed a lindwurm
  8462 | Volcano  | Killed a lindwurm
  8757 | Lair:1   | Received a gift from Trog
  9066 | Lair:1   | Noticed execc's ghost (novice TrWn)
  9083 | Lair:1   | Killed execc's ghost
  9138 | Lair:1   | Noticed an elephant
  9150 | Lair:1   | Reached skill level 12 in Polearms
  9169 | Lair:1   | Killed an elephant
  9598 | Lair:1   | Reached skill level 5 in Throwing
  9931 | Lair:2   | Reached skill level 10 in Dodging
 10003 | Lair:2   | Received a gift from Trog
 10703 | Lair:3   | Reached XP level 12. HP: 107/110 MP: 3/11
 10719 | Lair:3   | Reached skill level 13 in Polearms
 10983 | Lair:3   | Noticed an eight-headed hydra
 10990 | Lair:3   | Killed an 11-headed hydra
 11005 | Lair:3   | Noticed Nergalle
 11014 | Lair:3   | Killed Nergalle
 11546 | Lair:4   | Noticed a four-headed hydra
 11553 | Lair:4   | Killed a six-headed hydra
 11655 | Lair:4   | Reached ****** piety under Trog
 11655 | Lair:4   | Received a gift from Trog
 11759 | Lair:4   | Found a staircase to the Swamp.
 11968 | Lair:4   | Reached skill level 14 in Polearms
 11984 | Lair:4   | Found a hole to the Spider Nest.
 12664 | Lair:5   | Noticed a six-headed hydra
 12675 | Lair:5   | Killed a 12-headed hydra
 12675 | Lair:5   | Reached XP level 13. HP: 16/118 MP: 4/12
 13467 | Lair:5   | Received a gift from Trog
 13568 | Lair:6   | Reached skill level 15 in Polearms
 13739 | Lair:6   | Found a staircase to the Slime Pits.
 14403 | Lair:7   | Noticed bollicks1999's ghost (journeyman OpAs)
 14457 | Lair:7   | Killed bollicks1999's ghost
 14492 | Lair:7   | Reached XP level 14. HP: 54/129 MP: 4/13
 14494 | Lair:7   | Slain by a death yak

Action                   |  1- 3 |  4- 6 |  7- 9 | 10-12 | 13-15 || total
-------------------------+-------+-------+-------+-------+-------++-------
Melee: Spear             |    95 |   159 |    78 |       |       ||   332
       Trident           |       |       |   398 |   325 |       ||   723
       Glaive            |       |       |       |   216 |   263 ||   479
Throw: Tomahawk          |       |       |     9 |    94 |     7 ||   110
Invok: Berserk           |       |     2 |     4 |     8 |     5 ||    19
       Burn Spellbooks   |       |       |     1 |     2 |       ||     3
       Trog's Hand       |       |       |       |     1 |     1 ||     2
       Brothers in Arms  |       |       |       |       |     1 ||     1
  Use: Scroll            |       |       |     4 |    25 |     4 ||    33
       Potion            |       |       |       |       |     2 ||     2
  Eat: Chunk             |       |     9 |    18 |    29 |    11 ||    67
       Meat ration       |       |       |       |     2 |       ||     2
